AoeStats
← calvinklein0115

Black Forest

503576086Analyzed
3v3 RM · 1mo ago on Sep 1, 2026· 47m 48s· 6 players
Game mode
Random Map
Map size
Normal (6 player)
Population
200
Speed
Normal
Resources
Standard
Victory
Conquest
Starting age
Dark Age
Ending age
Imperial Age
RankedLock teamsTeams togetherTeam positionsShared explorationLock speedFull tech treeHidden civsTurbo modeCheats
Victory
Defeat
🇹🇼 Bohemians · Taiwan
807
+8
🇭🇷 Celts · Croatia
803
+8
🇧🇪 Goths · Belgium
416
+24
🇭🇺 Khmer · Hungary
698
-17
🇫🇷 Burgundians · France
576
-12
🇨🇭 Vietnamese · Switzerland
561
-11
Hernan-Cortez
0:33 Loom
13:02 Feudal Age
19:33 Castle Age
19:56 Stone Mining
23:35 Double-Bit Axe
23:35 Horse Collar
31:17 Wheelbarrow
30:30 Town Watch
33:36 Imperial Age
31:35 Bow Saw
31:19 Fishing Lines
31:58 Heavy Plow
33:54 Gold Mining
34:07 Fletching
34:27 Forging
34:18 Scale Mail Armor
34:19 Padded Archer Armor
35:23 Chemistry
34:44 Ballistics
34:32 Siege Engineers
34:31 Gillnets
39:28 Caravan
39:32 Bodkin Arrow
40:13 Iron Casting
39:54 Chain Mail Armor
39:54 Leather Archer Armor
40:03 Paper Money
39:05 Elite Rattan Archer
40:22 Hoardings
43:26 Caravan
47:40 Two-Man Saw
47:19 Crop Rotation
47:24 Ring Archer Armor
46:54 Bracer
47:25 Plate Mail Armor
Kanye Best
0:41 Loom
13:25 Feudal Age
14:08 Double-Bit Axe
17:29 Horse Collar
19:07 Stone Mining
24:50 Castle Age
22:59 Gold Mining
26:57 Caravan
28:13 Fortified Wall
29:29 Fletching
34:01 Imperial Age
31:55 Heavy Plow
33:07 Bow Saw
34:01 Gold Shaft Mining
34:04 Stone Shaft Mining
33:57 Padded Archer Armor
34:42 Bloodlines
34:46 Town Watch
35:37 Crop Rotation
35:46 Conscription
37:05 Chemistry
36:45 Ballistics
38:45 Masonry
39:57 Double Crossbow
43:25 Cavalier
44:31 Leather Archer Armor
46:22 Parthian Tactics
46:42 Elite Ballista Elephant
Gojira
1:13 Loom
10:10 Double-Bit Axe
16:59 Feudal Age
15:33 Horse Collar
15:55 Stone Mining
16:13 Gold Mining
20:06 Heavy Plow
19:45 Man-at-Arms
22:40 Stone Shaft Mining
22:41 Gold Shaft Mining
25:32 Castle Age
24:15 Bow Saw
26:12 Wheelbarrow
25:23 Town Watch
26:25 Long Swordsman
28:15 Fervor
28:51 Fervor
33:45 Imperial Age
31:17 Treadmill Crane
31:32 Murder Holes
32:12 Ballistics
33:26 Hand Cart
33:12 Town Patrol
35:41 Chemistry
35:07 Capped Ram
37:00 Bombard Tower
39:15 Burgundian Vineyards
43:00 Elite Coustillier
44:20 Two-Handed Swordsman
knez17
1:06 Loom
12:27 Feudal Age
12:58 Double-Bit Axe
14:00 Town Watch
14:42 Gold Mining
17:19 Horse Collar
21:19 Castle Age
20:38 Stone Mining
23:41 Town Patrol
25:07 Bow Saw
26:31 Heavy Plow
26:42 Caravan
27:34 Stone Shaft Mining
29:01 Wheelbarrow
31:16 Sanctity
34:44 Imperial Age
32:42 Fortified Wall
33:53 Ballistics
33:29 Murder Holes
34:30 Gold Shaft Mining
34:54 Hand Cart
36:42 Chemistry
35:49 Siege Engineers
35:54 Scale Mail Armor
36:04 Forging
35:56 Padded Archer Armor
35:47 Fletching
35:28 Onager
37:08 Furor Celtica
38:36 Hoardings
37:26 Pikeman
39:30 Halberdier
39:47 Heavy Scorpion
39:52 Siege Onager
40:41 Elite Skirmisher
42:27 Guilds
42:36 Chain Mail Armor
42:56 Iron Casting
42:17 Bodkin Arrow
42:37 Leather Archer Armor
42:40 Stronghold
45:59 Elite Woad Raider
47:27 Plate Mail Armor
47:57 Blast Furnace
47:28 Ring Archer Armor
New Player
13:45 Feudal Age
14:16 Horse Collar
14:25 Double-Bit Axe
28:13 Castle Age
27:18 Wheelbarrow
28:55 Heavy Plow
29:09 Bow Saw
28:59 Stone Mining
32:42 Squires
33:14 Anarchy
35:27 Forging
35:54 Caravan
36:45 Scale Mail Armor
37:23 Iron Casting
37:42 Chain Mail Armor
50:56 Imperial Age
calvinklein0115
2:34 Loom
15:58 Feudal Age
18:04 Double-Bit Axe
22:08 Castle Age
21:23 Horse Collar
22:42 Wheelbarrow
24:14 Bow Saw
26:31 Hand Cart
26:20 Town Watch
28:36 Heavy Plow
34:44 Imperial Age
32:32 Fletching
33:05 Ballistics
32:54 Caravan
34:29 Chemistry
33:27 Bodkin Arrow
33:26 Pikeman
35:48 Forging
36:11 Conscription
35:16 Elite Hussite Wagon
35:59 Bracer
36:50 Wagenburg Tactics
36:22 Halberdier
37:05 Squires
36:28 Man-at-Arms
38:49 Two-Man Saw
38:02 Padded Archer Armor
39:20 Iron Casting
38:46 Scale Mail Armor
40:34 Houfnice
Connection lost

Rejoining the realm…

Still unreachable

The connection could not be restored.

Session expired

The server has moved on; the page needs a fresh start.